NYP
TRI-CITY VALLEYCATS @ HUDSON VALLEY RENEGADES
07/13/2048
 
TOP OF THE 1ST
Tri-City ValleyCats batting - Pitching for Hudson Valley Renegades : RHP Chris Harman
Pitching: RHP Chris Harman
Batting: RHB Ben Sutton 0-0: DOUBLE (Groundball, 5L, EV 104.4 MPH)
Batting: LHB Josh Corkery 0-0: Ball
1-0: Foul Ball, location: 2F
1-1: Swinging Strike
1-2: Ground out 4-3 (Groundball, 34D, EV 100.0 MPH)
Ben Sutton to third
Batting: RHB Dinand Brouwer 0-0: Fly out, F7 (Line Drive, 7LM, EV 93.8 MPH)
Runner from 3rd tags up, SCORES, no throw by LF
Batting: LHB Jackson Trottier 0-0: Ball
1-0: Ball
2-0: Ground out 6-3 (Groundball, 6, EV 83.1 MPH)
Top of the 1st over - 1 run, 1 hit, 0 errors, 0 left on base; Tri-City 1 - Hudson Valley 0
BOTTOM OF THE 1ST
Hudson Valley Renegades batting - Pitching for Tri-City ValleyCats : RHP Ryan Hoagland
Pitching: RHP Ryan Hoagland
Batting: LHB Dan Hunt 0-0: Ball
1-0: Ground out 2-3 (Groundball, 15S, EV 73.1 MPH)
Batting: SHB Josif Popovski 0-0: Ball
1-0: Ball
2-0: Foul Ball, location: 2F
2-1: Fly out, F8 (Line Drive, 8LS, EV 93.1 MPH)
Batting: LHB Jonathan Spino 0-0: Foul Ball, location: 2F
0-1: Ball
1-1: Fly out, F8 (Flyball, 8LD, EV 93.1 MPH)
Bottom of the 1st over - 0 runs, 0 hits, 0 errors, 0 left on base; Tri-City 1 - Hudson Valley 0
TOP OF THE 2ND
Tri-City ValleyCats batting - Pitching for Hudson Valley Renegades : RHP Chris Harman
Batting: RHB Kieron Clark 0-0: Ball
1-0: Called Strike
1-1: Called Strike
1-2: Foul Ball, location: 2F
1-2: Strikes out swinging
Batting: RHB Juan Mendoza 0-0: Ball
1-0: Ground out 1-3 (Groundball, 15S, EV 61.9 MPH)
Batting: RHB Steve Moore 0-0: Called Strike
0-1: Swinging Strike
0-2: Ball
1-2: DOUBLE (Groundball, 5L, EV 103.1 MPH)
Batting: RHB Omar Amaya 0-0: Called Strike
0-1: Ground out 5-3 (Groundball, 56, EV 105.0 MPH)
Top of the 2nd over - 0 runs, 1 hit, 0 errors, 1 left on base; Tri-City 1 - Hudson Valley 0
BOTTOM OF THE 2ND
Hudson Valley Renegades batting - Pitching for Tri-City ValleyCats : RHP Ryan Hoagland
Batting: LHB Rocky Crowley 0-0: Called Strike
0-1: Called Strike
0-2: Ball
1-2: Ball
2-2: SINGLE (Groundball, 3D, EV 94.4 MPH)
Batting: RHB Jon Gonzales 0-0: Called Strike
0-1: Ball
1-1: Foul Ball, location: 2F
1-2: Strikes out swinging
Batting: SHB Joshua Jackson 0-0: Ball
1-0: Foul Ball, location: 2F
1-1: SINGLE (Line Drive, 89S, EV 91.2 MPH)
Rocky Crowley to second
Batting: RHB Alex Koral 0-0: Ball
1-0: Ball
2-0: Foul Ball, location: 2F
2-1: DOUBLE (Line Drive, 89XD, EV 107.5 MPH)
Rocky Crowley scores
Joshua Jackson to third
Batting: LHB Helmut Steggall 0-0: Fly out, F9 (Flyball, 9, EV 91.2 MPH)
Batting: RHB Jesus Carrillo 0-0: Called Strike
0-1: Foul Ball, location: 2F
0-2: Foul Ball, location: 2F
0-2: Ball
1-2: Ground out 3-1 (Groundball, 34, EV 84.4 MPH)
Bottom of the 2nd over - 1 run, 3 hits, 0 errors, 2 left on base; Tri-City 1 - Hudson Valley 1
TOP OF THE 3RD
Tri-City ValleyCats batting - Pitching for Hudson Valley Renegades : RHP Chris Harman
Batting: RHB Ray Souza 0-0: SINGLE (Groundball, 6D, EV 100.6 MPH)
Batting: RHB Ben Sutton 0-0: Grounds into double play, 6-4-3 (Groundball, 6, EV 103.8 MPH)
Batting: LHB Josh Corkery 0-0: Fly out, F8 (Flyball, 8RD, EV 83.1 MPH)
Top of the 3rd over - 0 runs, 1 hit, 0 errors, 0 left on base; Tri-City 1 - Hudson Valley 1
BOTTOM OF THE 3RD
Hudson Valley Renegades batting - Pitching for Tri-City ValleyCats : RHP Ryan Hoagland
Batting: LHB Dan Hunt 0-0: Swinging Strike
0-1: Ball
1-1: Swinging Strike
1-2: Foul Ball, location: 2F
1-2: Fly out, F4 (Popup, 34S, EV 78.8 MPH)
Batting: SHB Josif Popovski 0-0: Called Strike
0-1: Ball
1-1: Called Strike
1-2: Ball
2-2: Foul Ball, location: 2F
2-2: Fly out, F9 (Flyball, 89M, EV 97.5 MPH)
Batting: LHB Jonathan Spino 0-0: Ground out 5-3 (Groundball, 15, EV 80.6 MPH)
Bottom of the 3rd over - 0 runs, 0 hits, 0 errors, 0 left on base; Tri-City 1 - Hudson Valley 1
TOP OF THE 4TH
Tri-City ValleyCats batting - Pitching for Hudson Valley Renegades : RHP Chris Harman
Batting: RHB Dinand Brouwer 0-0: Called Strike
0-1: Ball
1-1: Ball
2-1: Fly out, F9 (Flyball, 9S, EV 80.0 MPH)
Batting: LHB Jackson Trottier 0-0: Called Strike
0-1: Called Strike
0-2: Ball
1-2: Ball
2-2: Ground out 5-3 (Groundball, 5, EV 78.1 MPH)
Batting: RHB Kieron Clark 0-0: Foul Ball, location: 2F
0-1: Foul Ball, location: 2F
0-2: Ground out 6-3 (Groundball, 6M, EV 103.8 MPH)
Top of the 4th over - 0 runs, 0 hits, 0 errors, 0 left on base; Tri-City 1 - Hudson Valley 1
BOTTOM OF THE 4TH
Hudson Valley Renegades batting - Pitching for Tri-City ValleyCats : RHP Ryan Hoagland
Batting: LHB Rocky Crowley 0-0: Swinging Strike
0-1: Foul Ball, location: 2F
0-2: Ball
1-2: Ball
2-2: Ball
3-2: Strikes out swinging
Batting: RHB Jon Gonzales 0-0: Called Strike
0-1: Swinging Strike
0-2: Strikes out swinging
Batting: SHB Joshua Jackson 0-0: Called Strike
0-1: Ground out 5-3 (Groundball, 56, EV 80.6 MPH)
Bottom of the 4th over - 0 runs, 0 hits, 0 errors, 0 left on base; Tri-City 1 - Hudson Valley 1
TOP OF THE 5TH
Tri-City ValleyCats batting - Pitching for Hudson Valley Renegades : RHP Chris Harman
Batting: RHB Juan Mendoza 0-0: Called Strike
0-1: Foul Ball, location: 2F
0-2: Ball
1-2: Ground out 6-3 (Groundball, 6D, EV 103.1 MPH)
Batting: RHB Steve Moore 0-0: Ball
1-0: Ball
2-0: Ball
3-0: Base on Balls
Batting: RHB Omar Amaya 0-0: Called Strike
0-1: Ground out 4-3 (Groundball, 34S, EV 62.5 MPH)
Steve Moore to second
Batting: RHB Ray Souza 0-0: Foul Ball, location: 2F
0-1: Swinging Strike
0-2: Foul Ball, location: 2F
0-2: Strikes out swinging
Top of the 5th over - 0 runs, 0 hits, 0 errors, 1 left on base; Tri-City 1 - Hudson Valley 1
BOTTOM OF THE 5TH
Hudson Valley Renegades batting - Pitching for Tri-City ValleyCats : RHP Ryan Hoagland
Batting: RHB Alex Koral 0-0: TRIPLE (Line Drive, 9D, EV 109.4 MPH)
Batting: LHB Helmut Steggall 0-0: Ball
1-0: Called Strike
Squeeze bunt is on, Alex Koral is out
1-2: Ball
2-2: Ball
3-2: Foul Ball, location: 2F
3-2: Fly out, F3 (Popup, 3SF, EV 48.8 MPH)
Batting: RHB Jesus Carrillo 0-0: Ball
1-0: Foul Ball, location: 2F
1-1: Ground out 6-3 (Groundball, 6, EV 88.1 MPH)
Bottom of the 5th over - 0 runs, 1 hit, 0 errors, 0 left on base; Tri-City 1 - Hudson Valley 1
TOP OF THE 6TH
Tri-City ValleyCats batting - Pitching for Hudson Valley Renegades : RHP Chris Harman
Batting: RHB Ben Sutton 0-0: Ball
1-0: Called Strike
1-1: Ball
2-1: Foul Ball, location: 2F
2-2: Foul Ball, location: 2F
2-2: Foul Ball, location: 2F
2-2: Ball
3-2: DOUBLE (Line Drive, 7LS, EV 114.4 MPH)
Batting: LHB Josh Corkery 0-0: Ball
1-0: Called Strike
1-1: Fly out, F7 (Flyball, 7D, EV 103.8 MPH)
Batting: RHB Dinand Brouwer 0-0: Called Strike
0-1: Foul Ball, location: 2F
0-2: Strikes out swinging
Batting: LHB Jackson Trottier 0-0: Ball
1-0: Ball
2-0: Ball
3-0: Base on Balls
Batting: RHB Kieron Clark 0-0: Called Strike
0-1: Ball
1-1: Swinging Strike
1-2: Ball
2-2: Ball
3-2: Strikes out swinging
Top of the 6th over - 0 runs, 1 hit, 0 errors, 2 left on base; Tri-City 1 - Hudson Valley 1
BOTTOM OF THE 6TH
Hudson Valley Renegades batting - Pitching for Tri-City ValleyCats : RHP Ryan Hoagland
Batting: LHB Dan Hunt 0-0: Called Strike
0-1: Ball
1-1: Ball
2-1: TRIPLE (Flyball, 89XD, EV 110.6 MPH)
Batting: SHB Josif Popovski 0-0: Squeeze Bunt to 13S - play home, runner scores, batter safe!
Dan Hunt scores
Batting: LHB Jonathan Spino 0-0: Ball
1-0: Foul Ball, location: 2F
1-1: Foul Ball, location: 2F
1-2: Fielders Choice at 2nd, 4-6 (Groundball, 4, EV 106.9 MPH)
Batting: LHB Rocky Crowley 0-0: Fly out, F8 (Flyball, 8LM, EV 86.9 MPH)
Batting: RHB Jon Gonzales 0-0: Called Strike
Jonathan Spino steals 2nd base
0-1: Foul Ball, location: 2F
0-2: Ball
1-2: DOUBLE (Flyball, 8LXD, EV 107.5 MPH)
Jonathan Spino scores
Batting: SHB Joshua Jackson 0-0: DOUBLE (Line Drive, 5D, EV 105.6 MPH)
Jon Gonzales scores
Batting: RHB Alex Koral 0-0: Called Strike
0-1: Called Strike
0-2: Strikes out looking
Bottom of the 6th over - 3 runs, 3 hits, 0 errors, 1 left on base; Tri-City 1 - Hudson Valley 4
TOP OF THE 7TH
Tri-City ValleyCats batting - Pitching for Hudson Valley Renegades : RHP Chris Harman
Pitching: RHP Chris Bullerman
Batting: RHB Juan Mendoza 0-0: Fly out, F8 (Flyball, 8LM, EV 85.6 MPH)
Batting: RHB Steve Moore 0-0: Foul Ball, location: 2F
0-1: Ball
1-1: Foul Ball, location: 2F
1-2: Ball
2-2: Ground out 5-3 (Groundball, 5L, EV 82.5 MPH)
Batting: RHB Omar Amaya 0-0: Ball
1-0: Ball
2-0: DOUBLE (Groundball, 5L, EV 111.9 MPH)
Batting: RHB Ray Souza 0-0: Foul Ball, location: 2F
Balk!
Omar Amaya to third
0-1: Called Strike
0-2: Foul Ball, location: 2F
0-2: Ground out 5-3 (Groundball, 56S, EV 66.2 MPH)
Top of the 7th over - 0 runs, 1 hit, 0 errors, 1 left on base; Tri-City 1 - Hudson Valley 4
BOTTOM OF THE 7TH
Hudson Valley Renegades batting - Pitching for Tri-City ValleyCats : RHP Ryan Hoagland
Batting: LHB Helmut Steggall 0-0: Ball
1-0: Hit by Pitch
Batting: RHB Jesus Carrillo 0-0: Ball
1-0: Foul Ball, location: 2F
1-1: Ball
2-1: Ball
3-1: Called Strike
3-2: SINGLE (Groundball, 6MD, EV 103.1 MPH)
Helmut Steggall to second
Helmut Steggall to third
Pitching: RHP Addick Huiberts
Batting: LHB Dan Hunt 0-0: Ball
1-0: Ball
Wild Pitch!
Helmut Steggall scores
Jesus Carrillo to second
2-0: Ground out 2-3 (Groundball, 13S, EV 71.2 MPH)
Jesus Carrillo to third
Batting: SHB Josif Popovski 0-0: Ball
1-0: Swinging Strike
1-1: Ball
2-1: Ball
3-1: Swinging Strike
3-2: Strikes out swinging
Batting: LHB Jonathan Spino 0-0: Swinging Strike
0-1: Foul Ball, location: 2F
0-2: Ball
1-2: Ball
2-2: Ball
3-2: Base on Balls
Batting: LHB Rocky Crowley 0-0: Called Strike
0-1: Foul Ball, location: 2F
0-2: Ball
1-2: Ball
2-2: Strikes out looking
Bottom of the 7th over - 1 run, 1 hit, 0 errors, 2 left on base; Tri-City 1 - Hudson Valley 5
TOP OF THE 8TH
Tri-City ValleyCats batting - Pitching for Hudson Valley Renegades : RHP Chris Bullerman
Batting: RHB Ben Sutton 0-0: Foul Ball, location: 2F
0-1: Ball
1-1: Foul Ball, location: 2F
1-2: Fly out, F9 (Flyball, 89M, EV 93.1 MPH)
Batting: LHB Josh Corkery 0-0: Ball
1-0: Ground out 4-3 (Groundball, 4S, EV 85.0 MPH)
Batting: RHB Dinand Brouwer 0-0: Swinging Strike
0-1: Called Strike
0-2: Strikes out looking
Top of the 8th over - 0 runs, 0 hits, 0 errors, 0 left on base; Tri-City 1 - Hudson Valley 5
BOTTOM OF THE 8TH
Hudson Valley Renegades batting - Pitching for Tri-City ValleyCats : RHP Addick Huiberts
Batting: RHB Jon Gonzales 0-0: Called Strike
0-1: Swinging Strike
0-2: Strikes out swinging
Batting: SHB Joshua Jackson 0-0: Ball
1-0: Foul Ball, location: 2F
1-1: Ball
2-1: Ball
3-1: Called Strike
3-2: Foul Ball, location: 2F
3-2: Base on Balls
Batting: RHB Alex Koral 0-0: Ball
Joshua Jackson steals 2nd base
1-0: Called Strike
1-1: Called Strike
1-2: Foul Ball, location: 2F
1-2: Strikes out swinging
Batting: LHB Helmut Steggall 0-0: Ball
1-0: Ball
2-0: Called Strike
2-1: Ball
3-1: Called Strike
3-2: Base on Balls
Batting: RHB Jesus Carrillo 0-0: Called Strike
0-1: Foul Ball, location: 2F
0-2: Strikes out looking
Bottom of the 8th over - 0 runs, 0 hits, 0 errors, 2 left on base; Tri-City 1 - Hudson Valley 5
TOP OF THE 9TH
Tri-City ValleyCats batting - Pitching for Hudson Valley Renegades : RHP Chris Bullerman
Pitching: LHP Matt Bayer
Batting: LHB Jackson Trottier 0-0: Fly out, F8 (Flyball, 78D, EV 104.4 MPH)
Batting: RHB Kieron Clark 0-0: Reached on error, E5 (Groundball, 56S, EV 88.1 MPH)
Batting: RHB Juan Mendoza 0-0: Called Strike
0-1: Ball
1-1: Fly out, F8 (Flyball, 89M, EV 87.5 MPH)
Batting: RHB Steve Moore 0-0: Ball
1-0: Called Strike
1-1: Swinging Strike
1-2: Foul Ball, location: 2F
1-2: SINGLE (Flyball, 89S, EV 86.9 MPH)
Kieron Clark to second
Batting: RHB Omar Amaya 0-0: Ball
1-0: Ball
2-0: Foul Ball, location: 2F
2-1: Ball
3-1: Base on Balls
Kieron Clark to third
Steve Moore to second
Batting: RHB Ray Souza 0-0: Fly out, F7 (Line Drive, 7D, EV 90.0 MPH)
Top of the 9th over - 0 runs, 1 hit, 1 error, 3 left on base; Tri-City 1 - Hudson Valley 5
Tuesday, March 28th , 2023 - OOTP Baseball 23.10 Build 110